 Dungeon Sprint DCSS version 0.29.1-12-g30fa7ad0bf (webtiles) character file.

Game seed: 14045534770405577556

2639 retardedninja the Protected (level 9, 0/93 HPs)
             Began as a Minotaur Fighter on Jan 4, 2023.
             Was a Priest of Trog.
             Slain by a nine-headed hydra (7 damage)
             ... in the Dungeon (Sprint IX: "|||||||||||||||||||||||||||||").
             The game lasted 00:03:33 (861 turns).

retardedninja the Protected (Minotaur Fighter)       Turns: 861, Time: 00:03:34

Health: 0/93       AC: 13    Str: 28    XL:     9   Next: 35%
Magic:  8/8        EV: 10    Int:  5    God:    Trog [***...]
Gold:   0          SH:  7    Dex: 10    Spells: 8/8 levels left

rFire   . . .      SeeInvis .   a - +0 war axe
rCold   . . .      Faith    .   c - +0 buckler
rNeg    . . .      Spirit   .   o - +2 ring mail
rPois   .          Reflect  .   (helmet restricted)
rElec   .          Harm     .   (no cloak)
rCorr   .          Rampage  .   (no gloves)
Will    .....      NoTele   +   n - +0 pair of boots
Stlth   ..........              (no amulet)
HPRegen 0.25/turn               p - +3 ring of strength
MPRegen 0.11/turn               q - +2 ring of protection

@: hasted, very quick
A: horns 2, retaliatory headbutt
a: Renounce Religion, Berserk, Trog's Hand


You were in the Dungeon.
You worshipped Trog.
Trog was most pleased with you.
You visited 1 branch

Inventory:

Hand Weapons
 a - a +0 war axe (weapon)
 m - a +1 vorpal broad axe
Armour
 c - a +0 buckler (worn)
 n - a +0 pair of boots (worn)
 o - a +2 ring mail (worn)
Jewellery
 p - a +3 ring of strength (left hand)
 q - a +2 ring of protection (right hand)
Wands
 k - a wand of iceblast (1) (quivered)
Scrolls
 j - a scroll of blinking
Potions
 e - 5 potions of curing
 h - 4 potions of magic


   Skills:
 + Level 13.4 Fighting
 + Level 13.1 Axes
 + Level 13.5 Armour
 + Level 13.4 Shields


You had 8 spell levels left.
You didn't know any spells.
Your spell library was empty.

Dungeon Overview and Level Annotations

Branches:
Dungeon (1/1)

Altars:
Cheibriados
Dithmenos
Elyvilon
Fedhas
Gozag
Hepliaklqana
Kikubaaqudgha
Makhleb
Nemelex Xobeh
Okawaru
Qazlal
Ru
Sif Muna
Trog
Uskayaw
Vehumet
Wu Jian
Xom
Yredelemnul
Zin
The Shining One
Jiyva
Lugonu


Innate Abilities, Weirdness & Mutations

You have a pair of horns on your head.
You reflexively headbutt those who attack you in melee.


Message History

Your headbutt misses the six-headed hydra.
The six-headed hydra is almost dead.
Unknown command.
You slice one of the six-headed hydra's heads off!
The five-headed hydra grows two more!
You hit the seven-headed hydra.
The seven-headed hydra is almost dead.
The seven-headed hydra barely misses you.
You block the seven-headed hydra's attack.
The seven-headed hydra bites you.
The seven-headed hydra bites you but does no damage.
The seven-headed hydra barely misses you.
The seven-headed hydra bites you but does no damage.
The seven-headed hydra bites you.
You hit the seven-headed hydra.
The seven-headed hydra is almost dead.
The seven-headed hydra misses you. You furiously retaliate!
You headbutt the seven-headed hydra! The seven-headed hydra bites you.
You block the seven-headed hydra's attack.
The seven-headed hydra barely misses you.
The seven-headed hydra bites you!
* * * LOW HITPOINT WARNING * * *
The seven-headed hydra bites you but does no damage.
The seven-headed hydra barely misses you.
You chop one of the seven-headed hydra's heads off!
The six-headed hydra grows two more!
You slash the eight-headed hydra!
Your headbutt misses the eight-headed hydra.
The eight-headed hydra is almost dead.
Unknown command.
You slice one of the eight-headed hydra's heads off!
The seven-headed hydra grows two more!
You hit the nine-headed hydra.
The nine-headed hydra is severely wounded.
You block the nine-headed hydra's attack.
The nine-headed hydra bites you but does no damage.
The nine-headed hydra bites you!
* * * LOW HITPOINT WARNING * * *
The nine-headed hydra bites you but does no damage.
The nine-headed hydra bites you!
* * * LOW HITPOINT WARNING * * *
The nine-headed hydra bites you!
You die... ▓▓▓▓▓▓▓▓▓▓▓▓▓▓▓▓▓▓▓▓▓▓▓▓▓▓▓▓▓▓▓▓▓ ______________).@Dy...).'......[. ▓▓▓▓▓▓▓▓▓▓▓▓▓▓▓▓▓▓▓▓▓▓▓▓▓▓▓▓▓▓▓▓▓

You could see a nine-headed hydra and a vampire mosquito.

Vanquished Creatures
  2 two-headed ogres (D)
  An ugly thing (D)
  A cyclops (D)
  A troll (D)
  A hog (shapeshifter) (D)
  An acid dragon (D)
  An ogre (D)
  2 wights (D)
  A hound (D)
  An iguana (D)
  An orc wizard (D)
  A shadow imp (D)
  A white imp (D)
  A dart slug (D)
  An endoplasm (D)
  2 bats (D)
  A rat (D)
20 creatures vanquished.

Notes
Turn   | Place    | Note
-------+----------+-------------------------------------------
     0 | D        | retardedninja the Minotaur Fighter began the quest for the
                  | Orb.
     0 | D        | Reached XP level 1. HP: 19/19 MP: 0/0
    19 | D        | Noticed a hound
    19 | D        | Noticed an iguana
    19 | D        | Noticed an ogre
    24 | D        | Killed a hound
    25 | D        | Reached skill level 5 in Fighting
    25 | D        | Reached skill level 5 in Armour
    25 | D        | Reached skill level 5 in Shields
    25 | D        | Reached XP level 2. HP: 28/29 MP: 1/1
    25 | D        | Reached XP level 3. HP: 35/36 MP: 2/2
    29 | D        | Killed an ogre
    30 | D        | Reached XP level 4. HP: 33/47 MP: 3/3
    30 | D        | Reached XP level 5. HP: 36/52 MP: 4/4
   251 | D        | Found a snail-covered altar of Cheibriados.
   251 | D        | Found a shadowy altar of Dithmenos.
   251 | D        | Found a white marble altar of Elyvilon.
   251 | D        | Found a blossoming altar of Fedhas.
   251 | D        | Found an opulent altar of Gozag.
   252 | D        | Found a hazy altar of Hepliaklqana.
   253 | D        | Found a viscous altar of Jiyva.
   254 | D        | Found an ancient bone altar of Kikubaaqudgha.
   255 | D        | Found a corrupted altar of Lugonu.
   256 | D        | Found a burning altar of Makhleb.
   257 | D        | Found a sparkling altar of Nemelex Xobeh.
   258 | D        | Found an iron altar of Okawaru.
   259 | D        | Found a stormy altar of Qazlal.
   260 | D        | Found a sacrificial altar of Ru.
   261 | D        | Found a shimmering blue altar of Sif Muna.
   262 | D        | Found a bloodstained altar of Trog.
   263 | D        | Found a hide-covered altar of Uskayaw.
   264 | D        | Found a radiant altar of Vehumet.
   265 | D        | Found an ornate altar of the Wu Jian Council.
   266 | D        | Found a shimmering altar of Xom.
   267 | D        | Found a basalt altar of Yredelemnul.
   268 | D        | Found a glowing silver altar of Zin.
   269 | D        | Found a glowing golden altar of the Shining One.
   270 | D        | Became a worshipper of Trog the Wrathful
   278 | D        | Found the +2 Maxwell's thermic engine {flame, freeze}
   336 | D        | Noticed a two-headed ogre
   336 | D        | Noticed an acid dragon
   336 | D        | Noticed a two-headed ogre
   348 | D        | Killed a two-headed ogre
   349 | D        | Reached skill level 10 in Fighting
   349 | D        | Reached skill level 10 in Axes
   349 | D        | Reached skill level 10 in Armour
   349 | D        | Reached skill level 10 in Shields
   349 | D        | Reached XP level 6. HP: 47/67 MP: 5/5
   349 | D        | Reached XP level 7. HP: 52/73 MP: 6/6
   353 | D        | Reached * piety under Trog
   358 | D        | Killed a two-headed ogre
   359 | D        | Reached XP level 8. HP: 22/83 MP: 7/7
   375 | D        | Reached ** piety under Trog
   806 | D        | Noticed a cyclops
   806 | D        | Noticed a troll
   806 | D        | Noticed a brown ugly thing
   806 | D        | Noticed a six-headed hydra
   817 | D        | Killed a cyclops
   818 | D        | Reached XP level 9. HP: 92/92 MP: 8/8
   824 | D        | Killed a troll
   833 | D        | Killed a brown ugly thing
   833 | D        | Reached *** piety under Trog
   861 | D        | Slain by a nine-headed hydra

Illustrated notes

Levels and vault maps discovered:
D:        linesprint [early_d, line_temple, items_1, d_10, items_2, lair_1,
          lair_end, items_3, orc_1, orc_end, items_4, d_15, swamp_1, shoals_1,
          snake_1, spider_1, d_20, vaults_1, items_5, swamp_end, shoals_end,
          snake_end, spider_end, vaults_end, d_27, items_6, zot_1, zot_end,
          crypt_end, forest_end, elf_end, slime_end, tomb_end, abyss_end,
          pan_hell_end]

Skill      XL: |  1  2  3  4  5  6  7  8  9 |
---------------+----------------------------+-----
Fighting       | 5 7 10 12 13 | 13.4
Armour         | 5 7 10 12 13 | 13.5
Shields        | 5 7 10 12 13 | 13.4
Axes           | 4 6 10 11 12 13 | 13.1

Action                   |  1- 3 |  4- 6 |  7- 9 || total
-------------------------+-------+-------+-------++-------
Melee: War axe           |    18 |     5 |    46 ||    69
       Headbutt          |     1 |     1 |     5 ||     7
Invok: Trog's Hand       |       |       |     1 ||     1
Evoke: Wand              |       |     4 |     5 ||     9
  Use: Potion            |     1 |     2 |     4 ||     7
       Scroll            |       |     1 |       ||     1
 Stab: Invisible         |       |       |     2 ||     2
Armor: Scale mail        |     5 |       |       ||     5
       Ring mail         |       |       |    26 ||    26
Dodge: Dodged            |    13 |     1 |    16 ||    30
Block: Buckler           |     3 |       |    13 ||    16
